 Dungeon Crawl Stone Soup version 0.30-a0-802-gb92711bcdf (webtiles) character file.

Game seed: 2145607699998643434

362221 bobo the Warrior (level 23, -13/181 (186) HPs)
             Began as a Human Ice Elementalist on Feb 22, 2023.
             Was the Champion of Zin.
             Hit by a large rock thrown by a stone giant (44 damage)
             ... on level 2 of the Depths on Feb 24, 2023.
             The game lasted 04:13:23 (58995 turns).

bobo the Warrior (Human Ice Elementalist)          Turns: 58995, Time: 04:13:23

HP:   -13/181 (186) AC: 17    Str: 11    XL:     23   Next: 51%
MP:   17/39         EV: 34    Int: 21    God:    Zin [******]
Gold: 2521          SH: 18    Dex: 23    Spells: 3/46 levels left

rFire   . . .      SeeInvis +    H - +8 quick blade of Tender Mercy {heavy, Drain rPois rN+++ Will+}
rCold   . . .      Faith    .    w - +5 kite shield {reflect}
rNeg    + + +      Spirit   .    p - +2 robe of the Glamorous God {Fly Str-3 Slay+3}
rPois   +          Reflect  +    u - +3 helmet of Funicly {rCorr Int+3 Dex+2}
rElec   .          Harm     .    E - +2 cloak
rCorr   +          Rampage  .    J - +2 pair of gloves
Will    ++...                    Q - +2 pair of boots
Stlth   ++++++                   n - amulet of the acrobat
HPRegen 0.50/turn                M - ring of the Slug {rPois rF+ rC- Str+4 SInv}
MPRegen 0.26/turn                c - ring of ice

@: on recite cooldown, acrobatic, flying, studying Polearms, lightly drained
A: no striking features
}: 2/15 runes: serpentine, barnacled
a: Renounce Religion, Recite, Vitalisation, Imprison, Sanctuary, Donate Gold


You were on level 2 of the Depths.
You worshipped Zin.
Zin was exalted by your worship.
You visited 9 branches of the dungeon, and saw 38 of its levels.

You collected 4878 gold pieces.
You spent 2064 gold pieces at shops.
You donated 293 gold pieces to Zin.

Inventory:

Hand Weapons
 l - a +7 scimitar of holy wrath
 H - the +8 quick blade of Tender Mercy (weapon) {heavy, Drain rPois rN+++ Will+}
   (You acquired it on level 4 of the Lair of Beasts)

   rPois:     It protects you from poison.
   rN:        It renders you almost immune to negative energy.
   Drain:     It drains your maximum health when unequipped.
   Will:      It increases your willpower.
Armour
 p - the +2 robe of the Glamorous God (worn) {Fly Str-3 Slay+3}
   (You found it on level 4 of the Dungeon)

   Str:       It affects your strength (-3).
   Slay:      It affects your accuracy & damage with ranged weapons and melee
   (+3).
   Fly:       It grants you flight.
 u - the +3 helmet of Funicly (worn) {rCorr Int+3 Dex+2}
   (You found it on level 9 of the Dungeon)

   Int:       It affects your intelligence (+3).
   Dex:       It affects your dexterity (+2).
   rCorr:     It protects you from acid and corrosion.
 w - a +5 kite shield of reflection (worn)
 E - a +2 cloak (worn)
 J - a +2 pair of gloves (worn)
 Q - a +2 pair of boots (worn)
Jewellery
 c - a ring of ice (right hand)
 n - an amulet of the acrobat (around neck)
 r - an amulet of guardian spirit
 G - a +4 ring of protection
 M - the ring of the Slug (left hand) {rPois rF+ rC- Str+4 SInv}
   (You bought it in a shop on level 2 of the Orcish Mines)

   [ring of poison resistance]

   Str:       It affects your strength (+4).
   rF:        It protects you from fire.
   rC:        It makes you vulnerable to cold.
   rPois:     It protects you from poison.
   SInv:      It lets you see invisible.
Wands
 f - a wand of digging (1)
 h - a wand of light (29)
 i - a wand of flame (54)
 x - a wand of paralysis (40)
 D - a wand of roots (39)
 T - a wand of mindburst (28)
Scrolls
 e - a scroll of enchant armour
 o - 15 scrolls of teleportation
 t - 16 scrolls of identify
 v - 5 scrolls of magic mapping
 y - 5 scrolls of amnesia
 z - 9 scrolls of poison
 A - a scroll of fog
 C - 3 scrolls of fear
 K - a scroll of butterflies
 O - 5 scrolls of blinking
 S - 3 scrolls of silence
 Y - 4 scrolls of brand weapon
Potions
 a - 2 potions of resistance
 b - 4 potions of magic
 d - 7 potions of brilliance
 g - 4 potions of berserk rage
 j - a potion of heal wounds
 k - 5 potions of might
 q - a potion of invisibility
 s - 5 potions of ambrosia
 B - 13 potions of curing
 F - 4 potions of cancellation
 P - 6 potions of haste
 R - 7 potions of flight
 W - 6 potions of mutation


   Skills:
 + Level 16.8 Fighting
 - Level 5.0(8.0) Short Blades
 - Level 9.8(10.3) Long Blades
 * Level 10.0 Dodging
 * Level 12.5 Stealth
 - Level 10.0 Shields
 - Level 12.0 Spellcasting
 - Level 8.1 Conjurations
 - Level 6.5 Hexes
 * Level 11.8 Summonings
 - Level 4.0 Transmutations
 - Level 4.0 Fire Magic
 - Level 15.2 Ice Magic
 - Level 8.4 Air Magic
 - Level 6.3 Poison Magic
 * Level 12.7 Invocations


You had 3 spell levels left.
You knew the following spells:

 Your Spells              Type           Power      Damage    Failure   Level
a - Ensorcelled Hibernat  Hex/Ice        100%       N/A       1%          2
b - Summon Ice Beast      Ice/Summ       81%        N/A       1%          4
c - Freezing Cloud        Conj/Ice/Air   36%        6-21      4%          5
d - Monstrous Menagerie   Summ           29%        N/A       58%         7
e - Swiftness             Air            48%        N/A       1%          3
f - Freeze                Ice            100%       1d10      1%          1
h - Hailstorm             Conj/Ice       75%        3d15      1%          3
r - Olgreb's Toxic Radia  Pois           39%        N/A       9%          4
s - Frozen Ramparts       Ice            100%       1d16      1%          3
t - Ignite Poison         Fire/Tmut/Pois 32%        N/A       4%          3
v - Summon Mana Viper     Hex/Summ       50%        N/A       8%          5
x - Ozocubu's Armour      Ice            86%        N/A       1%          3

Your spell library contained the following spells:

 Spells                   Type           Power      Damage    Failure   Level
 Shock                    Conj/Air       100%       1d9       1%          1
 Sting                    Tmut/Pois      100%       1d8       1%          1
 Poisonous Vapours        Pois/Air       86%        N/A       1%          2
 Call Canine Familiar     Summ           58%        N/A       1%          3
 Summon Guardian Golem    Hex/Summ       50%        N/A       1%          3
 Kiss of Death            Conj/Necr      100%       2d13      2%          1
 Confusing Touch          Hex            40%        N/A       2%          3
 Scorch                   Fire           58%        2d8       3%          2
 Wereblood                Tmut           29%        N/A       3%          2
 Spider Form              Tmut/Pois      34%        N/A       4%          3
 Kindle Blastsparks       Fire/Tloc/Air  60%        2d15      6%          3
 Portal Projectile        Hex/Tloc       52%        N/A       9%          3
 Sublimation of Blood     Necr           12%        N/A       17%         2
 Summon Lightning Spire   Summ/Air       53%        N/A       1%          4
 Ice Form                 Ice/Tmut       68%        N/A       2%          4
 Airstrike                Air            24%        2d(4-20)  3%          4
 Flame Wave               Conj/Fire      38%        2d10      10%         4
 Lightning Bolt           Conj/Air       23%        1d39      11%         5
 Summon Cactus Giant      Summ           29%        N/A       14%         6
 Anguish                  Hex/Necr       13%        N/A       30%         4
 Leda's Liquefaction      Hex/Erth       13%        N/A       30%         4
 Petrify                  Tmut/Erth      21%        N/A       45%         4
 Summon Hydra             Summ           29%        N/A       58%         7
 Dispel Undead            Necr           12%        3d9       75%         4
 Spellforged Servitor     Conj/Summ      26%        N/A       86%         7
 Orb of Destruction       Conj           23%        9d8       98%         7
 Statue Form              Tmut/Erth      14%        N/A       100%        6
 Storm Form               Tmut/Air       19%        N/A       100%        7
 Maxwell's Capacitive Co  Air            24%        ∞         100%        8


Dungeon Overview and Level Annotations

Branches:
Dungeon (15/15)            Temple (1/1) D:6            Lair (5/5) D:11
 Shoals (4/4) Lair:3        Snake (4/4) Lair:2        Slime (0/5) Lair:4
    Orc (2/2) D:9             Elf (3/3) Orc:2        Vaults (2/5) D:13
 Depths (2/4) D:15
  Crypt: Vaults:2-3

Altars:
Ashenzari
Cheibriados
Dithmenos
Elyvilon
Fedhas
Gozag
Hepliaklqana
Kikubaaqudgha
Makhleb
Nemelex Xobeh
Okawaru
Qazlal
Ru
Sif Muna
Trog
Uskayaw
Vehumet
Wu Jian
Xom
Yredelemnul
Zin
The Shining One
Jiyva

Shops:
D:2 [   D:10 ?   D:12 !   Orc:2 =*[(   Vaults:1 (   Vaults:2 (**

Portals:
Hell: Depths:1
Pandemonium: Depths:2

Annotations:
D:4 Menkaure
Lair:4 1 runed translucent door
Shoals:3 2 transporters, exclusion: orange crystal statue
Shoals:4 6 transporters
Elf:2 1 exclusion
Depths:1 exclusions: iron troll and juggernaut
Depths:2 Josephina


Message History

Casting: Freezing Cloud (mildly dangerous; 4% risk of failure)
Confirm with . or Enter, or press ? or * to list all spells.
You feel a surge of power!
A film of ice covers your body! "...upon those who were not reverent."
The necromancer quails at your recitation.
The necromancer shouts!
You finish reciting Anathema 4:2.
You hear a shout! x2
The hell knight calls down the wrath of its god upon you.
The bolt of fire hits Josephina!!!
Josephina is burned terribly!
The bolt of fire misses you. The hell knight closely misses you.
The deep troll falls into the lava!
The deep troll is incinerated.
The hell knight calls down the wrath of its god upon you.
The bolt of fire misses you.
The hell knight hits you with a +3 demon trident.
A deep troll simulacrum comes into view.
You puncture the hell knight!
The hell knight is almost dead.
You block the hell knight's attack.
You hit the hell knight.
The hell knight is almost dead.
Josephina points at you and mumbles some strange words.
The icy flash freeze hits you!!!
* * * LOW HITPOINT WARNING * * *
You are encased in ice.
You hit the hell knight.
The hell knight is almost dead.
You block the hell knight's attack.
Your icy armour will break if you move.
Continue?
Your icy armour cracks and falls away as you move.
You block the hell knight's attack.
The hell knight hits you from afar with a +3 demon trident!
* * * LOW HITPOINT WARNING * * *
The hell knight utters an invocation to its god.
The hell knight seems to speed up.
The ice encasing you melts away. You block the hell knight's attack.
The stone giant throws a large rock.
The large rock hits you!!!
You die...

#### ###### ...# #....# #########
...#########.##.#########...?..).
...+.....§................>......
...##≈§≈≈###.##.......###........
...#§§§≈≈§##.####≈.≈#.# #........
...§≈≈≈..§§§§...@÷.≈§(###........
##≈≈§≈≈.≈§§≈§#p≈≈≈§§≈÷.###'######
........§.§.§......§≈.###........
##≈≈≈≈≈§≈.§§§≈≈≈≈§§§≈)###........
##≈§≈≈..§§§§§≈§≈≈≈≈≈............
##≈§≈.≈≈§§§§≈≈§≈≈≈§##≈.[.......
##≈≈≈§§§§§§CL≈≈≈§§#≈≈.........
##≈≈≈§§§.Zppp≈≈≈#≈§≈.≈.######
###§§##.ZZ..(........#


You could see Josephina, a stone giant (soul bound), 3 hell knights, a
necromancer (soul bound, magic disrupted) and a frost giant simulacrum.

Vanquished Creatures
  Jorgrun (Elf:2)
  Mlioglotl (Snake:2)
  A lich (D:15)
  2 sphinxes
  A deep elf blademaster (Elf:1)
  A kraken (Shoals:3)
  The ghost of Holoquod the Severer, an adept MiMo of Ashenzari (Snake:3)
  6 nagarajas (Snake:4)
  Ilsuiw (Shoals:4)
  Kirke (Lair:3)
  5 vault wardens
  Louise (Snake:2)
  The ghost of soul19 the Warrior, a journeyman DsFi of Qazlal (Orc:2)
  7 ironbound preservers
  A reaper (Vaults:2)
  2 orc warlords
  A stone giant (Depths:2)
  3 vampire knights
  A war gargoyle (Vaults:1)
  5 ironbound thunderhulks
  4 very ugly things (Depths:2)
  13 dire elephants
  2 merfolk javelineers (Shoals:4)
  Snorg (D:12)
  9 merfolk impalers
  An ettin (D:15)
  2 entropy weavers (Vaults:1)
  A deep elf death mage (Elf:3)
  4 great orbs of eyes (Vaults:2)
  7 yaktaur captains
  A fire dragon (Depths:2)
  4 hydras
  A deep elf high priest (Elf:1)
  A rakshasa (Depths:1)
  5 salamander tyrants
  An ice dragon (D:15)
  8 centaur warriors
  4 ironbound frosthearts
  5 merfolk aquamancers
  4 satyrs (Shoals:4)
  4 merfolk avatars
  A catoblepas (Lair:1)
  4 boulder beetles
  11 dancing weapons
  2 deep troll earth magi
  3 two-headed ogres (D:15)
  8 anacondas
  11 naga warriors
  2 alligator snapping turtles (Shoals:3)
  2 deep troll shamans
  A vampire mage (Depths:1)
  7 death yaks
  2 tengu warriors
  11 naga sharpshooters
  7 orc high priests
  Urug (Lair:1)
  5 shock serpents
  6 deep elf knights
  5 skysharks
  7 salamander mystics
  A skeletal warrior (D:13)
  An iron troll (Depths:1)
  A nameless horror (Vaults:2)
  10 sea snakes
  37 deep trolls
  A glowing orange brain (Vaults:2)
  8 deep elf archers
  6 lindwurms
  Pikel (D:7)
  7 naga ritualists
  A wizard (D:14)
  2 necromancers (Depths:2)
  12 deep elf pyromancers
  3 phantasmal warriors
  16 mana vipers
  10 ironbound convokers
  17 orc knights
  5 deep elf zephyrmancers
  17 harpies
  35 ugly things
  23 fauns
  7 orc sorcerers
  2 tengu skeletons (Depths:2)
  A wolf spider (D:15)
  16 salamanders
  A wolf spider (shapeshifter) (Elf:2)
  3 cyclopes
  16 elephants
  An oklob plant (Lair:4)
  12 manticores
  6 centaur zombies (D:11)
  8 vault sentinels
  9 merfolk sirens
  3 guardian serpents
  36 black mambas
  9 water nymphs
  Joseph (D:10)
  9 naga magi
  22 slime creatures
  2 unseen horrors
  2 torpor snails
  14 cane toads
  A rime drake (Lair:3)
  2 centaur skeletons (D:13)
  2 kobold demonologists
  A spark wasp simulacrum (Depths:2)
  9 komodo dragons
  28 yaktaurs
  A tengu conjurer (Depths:1)
  4 trolls
  A wind drake (Shoals:2)
  A sphinx simulacrum (Depths:2)
  A hornet (D:11)
  35 merfolk
  A polar bear (Lair:4)
  A tarantella (Vaults:1)
  2 meliai zombies (D:11)
  8 dream sheep
  20 blink frogs
  6 snapping turtles
  A centaur simulacrum (D:14)
  4 vampires
  7 shadows
  Sigmund (D:4)
  2 wyverns
  73 yaks
  9 water elementals
  9 wraiths
  A fire elemental (Elf:1)
  2 hogs (Lair:3)
  2 basilisks
  A death yak simulacrum (Lair:5)
  Grum (D:9)
  2 redbacks (Vaults:1)
  5 wargs
  7 vampire mosquitoes
  43 nagas
  A glowing shapeshifter zombie (Depths:2)
  12 water moccasins
  An acid dragon (D:14)
  Duvessa (D:7)
  A swamp drake (Lair:1)
  2 sky beasts
  A glowing shapeshifter skeleton (Depths:2)
  37 orc warriors
  23 wolves
  11 ogres
  8 centaurs
  2 phantoms
  Blork the orc (D:4)
  3 kobold brigands
  8 bullfrogs
  7 scorpions
  6 earth elementals (Elf:1)
  6 wights
  Dowan (D:7)
  5 killer bees (D:9)
  3 electric eels
  6 howler monkeys
  Crazy Yiuf (D:7)
  2 gnoll boudas
  34 orc priests
  5 hounds
  2 jellies (D:6)
  4 iguanas
  28 orc wizards
  A howler monkey zombie (D:11)
  8 gnolls
  5 adders
  A white imp (D:6)
  A dart slug (D:5)
  80 orcs
  7 bats
  5 endoplasms
  A giant cockroach (D:1)
  5 goblins
  5 hobgoblins
  4 jackals
  5 kobolds
  3 quokkas
  10 ball pythons
  3 frilled lizards
  3 rats
  A bush (Lair:4)
  A pillar of salt (Orc:2)
  A tentacle (Shoals:3)
1281 creatures vanquished.

Vanquished Creatures (collateral kills)
  A stone giant (Depths:2)
  An ironbound preserver (Vaults:2)
  An ironbound thunderhulk (Vaults:2)
  An ettin (Depths:1)
  A merfolk javelineer (Shoals:2)
  Fannar (Lair:1)
  An ice dragon (Depths:1)
  A salamander tyrant (Snake:4)
  A hydra (D:13)
  A catoblepas (Lair:5)
  A merfolk aquamancer (Shoals:4)
  An ogre mage (D:15)
  A centaur warrior (Vaults:2)
  2 death yaks (D:10)
  A boulder beetle (D:13)
  A two-headed ogre (D:13)
  A tengu warrior (D:15)
  2 dancing weapons
  2 naga warriors
  Nergalle (D:12)
  Sonja (Lair:1)
  A skyshark (Shoals:1)
  A salamander mystic (Snake:4)
  A flayed ghost (Depths:1)
  3 naga ritualists
  A deep troll (Vaults:2)
  A sea snake (Shoals:3)
  A wizard (Vaults:1)
  2 mana vipers (Snake:1)
  A deep elf archer (Elf:2)
  2 deep elf zephyrmancers (Elf:1)
  A necromancer (Depths:2)
  2 harpies (Shoals:2)
  3 deep elf pyromancers
  2 ugly things (D:15)
  5 salamanders
  3 fauns
  3 manticores
  An elephant (Lair:2)
  A vault sentinel (Vaults:2)
  2 centaur zombies (D:11)
  4 naga magi
  4 black mambas
  A merfolk siren (Shoals:3)
  A centaur skeleton (D:13)
  2 cane toads
  2 yaktaurs
  A troll (D:12)
  2 snapping turtles (Shoals:1)
  2 slime creatures (D:15)
  3 wraiths
  4 yaks
  4 basilisks
  2 water elementals
  A redback (shapeshifter) (D:15)
  A vampire mosquito (D:11)
  3 water moccasins
  An acid dragon (D:10)
  3 nagas
  5 orc warriors
  2 kobold brigands
  2 bullfrogs
  3 howler monkeys
  3 orc priests
  An orc wizard (Orc:2)
  A boggart skeleton (D:13)
  A kobold (D:10)
120 creatures vanquished.

Vanquished Creatures (others)
  An orc warlord (Elf:2)
  A deep elf death mage (Elf:1)
  2 deep elf pyromancers
  A troll (Orc:2)
  A wyvern (Lair:3)
  3 humans (Lair:3)
  A water moccasin (Lair:3)
  An orc priest (Orc:2)
  6 bushes (D:9)
  34 fungi
  A pillar of salt (Orc:2)
  202 plants
  2 starspawn tentacles (Snake:2)
  4 tentacles (Shoals:3)
  11 withered plants
271 creatures vanquished.

Grand Total: 1672 creatures vanquished

Notes
Turn   | Place    | Note
-------+----------+-------------------------------------------
     0 | D:1      | bobo the Human Ice Elementalist began the quest for the
                  | Orb.
     0 | D:1      | Reached XP level 1. HP: 13/13 MP: 3/3
   427 | D:1      | Reached XP level 2. HP: 20/20 MP: 3/5
   767 | D:1      | Reached skill level 1 in Fighting
   997 | D:1      | Found a faded altar of an unknown god.
  1269 | D:2      | Reached XP level 3. HP: 26/26 MP: 6/6
  1279 | D:2      | Learned a level 3 spell: Ozocubu's Armour
  1746 | D:2      | Found Hon Puzo's Antique Armour Shop.
  2109 | D:3      | Reached XP level 4. HP: 33/33 MP: 0/7
  2114 | D:3      | Learned a level 3 spell: Frozen Ramparts
  2613 | D:4      | Noticed a scorpion
  2624 | D:4      | Killed a scorpion
  2625 | D:4      | Reached skill level 2 in Fighting
  2625 | D:4      | Reached XP level 5. HP: 31/39 MP: 0/9
  2646 | D:4      | Noticed Blork the orc
  2722 | D:3      | Learned a level 3 spell: Swiftness
  2795 | D:4      | Found a bloodstained altar of Trog.
  2795 | D:4      | Found an ornate altar of the Wu Jian Council.
  2796 | D:4      | Noticed Menkaure
  2797 | D:4      | Found a snail-covered altar of Cheibriados.
  2834 | D:4      | Noticed Sigmund
  2985 | D:4      | Noticed a phantom
  3015 | D:4      | Killed a phantom
  3016 | D:4      | Reached skill level 5 in Ice Magic
  3016 | D:4      | Reached skill level 1 in Air Magic
  3016 | D:4      | Reached XP level 6. HP: 41/46 MP: 6/11
  3079 | D:4      | Identified the +2 robe of the Glamorous God {Fly Str-3
                  | Slay+3}
  3332 | D:4      | Reached skill level 3 in Fighting
  3378 | D:4      | Noticed an ogre
  3388 | D:4      | Killed an ogre
  3389 | D:4      | Reached XP level 7. HP: 19/52 MP: 5/12
  3585 | D:4      | Killed Sigmund
  3680 | D:4      | Killed Blork the orc
  3809 | D:5      | Entered Level 5 of the Dungeon
  3812 | D:5      | Learned a level 1 spell: Shock
  3828 | D:5      | Reached skill level 4 in Fighting
  4076 | D:5      | Reached XP level 8. HP: 59/60 MP: 11/14
  4573 | D:5      | Reached skill level 1 in Conjurations
  5458 | D:6      | Found a staircase to the Ecumenical Temple.
  5530 | D:6      | Reached skill level 5 in Spellcasting
  5543 | D:6      | Reached skill level 5 in Fighting
  5549 | D:6      | Reached XP level 9. HP: 64/68 MP: 2/16
  5871 | Temple   | Entered the Ecumenical Temple
  5871 | Temple   | Found a transporter.
  5871 | Temple   | Found a transporter.
  5873 | Temple   | Found a transporter.
  5873 | Temple   | Found a transporter.
  5914 | Temple   | Became a worshipper of Zin the Law-Giver
  5914 | Temple   | Reached * piety under Zin
  6001 | D:6      | Learned a level 3 spell: Hailstorm
  6443 | D:7      | Reached skill level 1 in Invocations
  6495 | D:7      | Reached ** piety under Zin
  6812 | D:7      | Noticed Pikel
  6824 | D:7      | Killed Pikel
  6825 | D:7      | Reached skill level 6 in Fighting
  7030 | D:7      | Reached XP level 10. HP: 77/77 MP: 13/19
  7075 | D:7      | Noticed Dowan
  7078 | D:7      | Noticed Duvessa
  7083 | D:7      | Killed Duvessa
  7096 | D:7      | Killed Dowan
  7736 | D:7      | Found a runed translucent door.
  7737 | D:7      | Noticed Crazy Yiuf
  7746 | D:7      | Killed Crazy Yiuf
  8672 | D:8      | Reached *** piety under Zin
  8820 | D:2      | Bought an encrusted troll leather armour for 380 gold
                  | pieces
  8820 | D:2      | Identified the +3 troll leather armour "Pebetize" {Harm rN+
                  | Regen+ Str+3} (You bought it in a shop on level 2 of the
                  | Dungeon)
  8983 | D:8      | Reached skill level 7 in Fighting
  9378 | D:9      | Noticed Grum
  9386 | D:9      | Identified the +3 helmet of Funicly {rCorr Int+3 Dex+2}
  9531 | D:9      | Killed Grum
  9606 | D:9      | Reached skill level 5 in Invocations
  9883 | D:9      | Learned a level 4 spell: Summon Ice Beast
  9971 | D:9      | Found a staircase to the Orcish Mines.
  9974 | D:9      | Reached **** piety under Zin
 10580 | D:10     | Entered Level 10 of the Dungeon
 10580 | D:10     | Found Newnitu's Magic Scroll Emporium.
 10751 | D:10     | Reached ***** piety under Zin
 10841 | Orc:1    | Entered Level 1 of the Orcish Mines
 10859 | Orc:1    | Reached skill level 1 in Shields
 10862 | Orc:1    | Reached XP level 11. HP: 85/85 MP: 16/22
 11040 | Orc:2    | Entered Level 2 of the Orcish Mines
 11040 | Orc:2    | Found a runed translucent gate.
 11040 | Orc:2    | Found a runed translucent gate.
 11040 | Orc:2    | Found a staircase to the Elven Halls.
 11041 | Orc:2    | Found a runed translucent gate.
 11042 | Orc:2    | Found an opulent altar of Gozag.
 11333 | Orc:2    | Reached skill level 1 in Summonings
 11505 | Orc:1    | Reached skill level 8 in Fighting
 11663 | Orc:1    | Found a bloodstained altar of Trog.
 11859 | Orc:2    | Reached ****** piety under Zin
 12181 | Orc:2    | Noticed an orc knight
 12192 | Orc:2    | Killed an orc knight
 12402 | Orc:2    | Noticed an orc sorcerer
 12519 | Orc:2    | Killed an orc sorcerer
 12535 | Orc:2    | Noticed an orc knight
 12550 | Orc:2    | Killed an orc knight
 12553 | Orc:2    | Noticed an orc knight
 12740 | Orc:2    | Killed an orc knight
 12744 | Orc:2    | Noticed an orc high priest
 12856 | Orc:2    | Killed an orc high priest
 12857 | Orc:2    | Reached XP level 12. HP: 79/94 MP: 17/24
 12922 | Orc:2    | Noticed an orc high priest
 13101 | Orc:2    | Killed an orc high priest
 13129 | Orc:2    | Noticed soul19's ghost (journeyman DsFi)
 13409 | D:10     | Reached skill level 9 in Fighting
 13419 | D:10     | Reached skill level 10 in Ice Magic
 13673 | D:10     | Bought a scroll of fear for 56 gold pieces
 13673 | D:10     | Bought a scroll of brand weapon for 133 gold pieces
 13673 | D:10     | Bought a scroll of enchant armour for 105 gold pieces
 13673 | D:10     | Bought a scroll of blinking for 105 gold pieces
 13692 | D:10     | Noticed Joseph
 13703 | D:10     | Reached skill level 5 in Shields
 13705 | D:10     | Killed Joseph
 14158 | D:11     | Noticed a death yak
 14311 | D:11     | Noticed a death yak
 14311 | D:11     | Noticed a death yak
 14321 | D:11     | Killed a death yak
 14453 | D:10     | Killed a death yak
 14454 | D:10     | Reached skill level 5 in Summonings
 14683 | D:10     | Killed a death yak
 15276 | D:11     | Reached XP level 13. HP: 51/101 MP: 16/26
 15597 | D:11     | Found a staircase to the Lair.
 15889 | D:11     | Reached skill level 10 in Fighting
 16613 | D:12     | Noticed Nergalle
 16624 | D:12     | Found Bura's Distillery.
 16629 | D:12     | Killed Nergalle
 16774 | D:12     | Noticed Snorg
 16784 | D:12     | Killed Snorg
 17122 | D:12     | Learned a level 5 spell: Summon Mana Viper
 17600 | D:12     | Reached skill level 5 in Dodging
 18034 | D:13     | Reached XP level 14. HP: 81/111 MP: 15/27
 18160 | D:13     | Reached skill level 10 in Invocations
 18700 | D:13     | Found a gate to the Vaults.
 18902 | Lair:1   | Entered Level 1 of the Lair of Beasts
 18987 | Lair:1   | Noticed Fannar
 19226 | Lair:1   | Noticed Sonja
 19291 | Lair:1   | Killed Sonja
 19292 | Lair:1   | Reached skill level 11 in Fighting
 19303 | Lair:1   | Killed Fannar
 19304 | Lair:1   | Reached skill level 1 in Hexes
 19419 | Lair:1   | Noticed Urug
 19431 | Lair:1   | Killed Urug
 19757 | Lair:1   | You are sucked into a shaft and drop 1 floor!
 21084 | Lair:2   | Found a staircase to the Snake Pit.
 21423 | Lair:3   | Noticed Kirke
 21431 | Lair:3   | Killed Kirke
 21651 | Lair:3   | Reached XP level 15. HP: 119/119 MP: 21/28
 21879 | Lair:3   | Found a staircase to the Shoals.
 22673 | Lair:4   | Found a runed translucent door.
 22682 | Lair:4   | Reached skill level 1 in Long Blades
 22707 | Lair:4   | Found a viscous altar of Jiyva.
 22707 | Lair:4   | Found a staircase to the Slime Pits.
 23002 | Lair:4   | Learned a level 4 spell: Olgreb's Toxic Radiance
 23006 | Lair:4   | Learned a level 3 spell: Ignite Poison
 23055 | Lair:4   | Reached skill level 1 in Poison Magic
 23062 | Lair:4   | Reached skill level 12 in Fighting
 23305 | Lair:4   | Identified the +1 kite shield "Usefovvi" {Int+4}
 23316 | Lair:4   | Identified 2 scrolls of acquirement
 23317 | Lair:4   | Acquired the +8 quick blade of Tender Mercy {heavy, Drain
                  | rPois rN+++ Will+}
 23319 | Lair:4   | Acquired 1019 gold pieces
 23321 | Lair:4   | Identified the +6 sling of Zaepn {antimagic, +Blink SInv}
 23322 | Lair:4   | Identified the +5 broad axe "Qicresk" {chaos, *Noise rElec
                  | Str+2 Int+3}
 23381 | Lair:4   | Got the Vellum of the Lamprey
 24372 | Lair:5   | Entered Level 5 of the Lair of Beasts
 24408 | Lair:5   | Reached skill level 1 in Short Blades
 24452 | Lair:5   | Reached skill level 1 in Transmutations
 24455 | Lair:5   | Reached skill level 1 in Fire Magic
 25155 | Lair:5   | Reached XP level 16. HP: 106/129 MP: 23/29
 26037 | D:13     | Found a stormy altar of Qazlal.
 26913 | D:14     | Found a hide-covered altar of Uskayaw.
 27536 | D:15     | Entered Level 15 of the Dungeon
 27815 | D:15     | Reached skill level 5 in Poison Magic
 28443 | D:15     | Reached skill level 13 in Fighting
 28463 | D:15     | Paralysed by something for 3 turns
 28690 | D:15     | Reached skill level 5 in Short Blades
 29702 | D:15     | Found a staircase to the Depths.
 30091 | Depths:1 | Entered Level 1 of the Depths
 30292 | Snake:1  | Entered Level 1 of the Snake Pit
 30308 | Snake:1  | Reached XP level 17. HP: 113/137 MP: 23/30
 30481 | Snake:1  | Reached skill level 10 in Shields
 31053 | Snake:1  | Reached skill level 5 in Hexes
 31714 | Snake:2  | Reached skill level 5 in Long Blades
 31856 | Snake:2  | Noticed Louise
 31939 | Snake:1  | Upgraded the game from 0.30-a0-800-g7c544603b3 to
                  | 0.30-a0-802-gb92711bcdf
 32563 | Snake:2  | Noticed Mlioglotl
 32580 | Snake:2  | Noticed a profane servitor
 32585 | Snake:2  | Noticed a tentacled starspawn
 32591 | Snake:2  | Killed Mlioglotl
 32928 | Snake:2  | Learned a level 5 spell: Freezing Cloud
 33168 | Snake:2  | Killed Louise
 33393 | Snake:2  | Found a sparkling altar of Nemelex Xobeh.
 33586 | Snake:3  | Reached skill level 14 in Fighting
 34075 | Snake:3  | Found a runed translucent door.
 34075 | Snake:3  | Noticed Holoquod's ghost (adept MiMo)
 34348 | Snake:3  | Reached XP level 18. HP: 79/146 MP: 23/31
 34513 | Snake:3  | Reached skill level 5 in Stealth
 34526 | Snake:3  | Reached skill level 10 in Spellcasting
 35531 | Snake:3  | Killed Holoquod's ghost
 35532 | Snake:3  | Reached skill level 5 in Air Magic
 35684 | Snake:4  | Entered Level 4 of the Snake Pit
 36731 | Snake:4  | Reached skill level 5 in Conjurations
 38413 | Snake:4  | Got a serpentine rune of Zot
 38821 | Shoals:1 | Entered Level 1 of the Shoals
 39177 | Shoals:1 | Reached XP level 19. HP: 149/153 MP: 33/33
 41727 | Shoals:3 | Found a transporter.
 41785 | Shoals:3 | Reached skill level 15 in Fighting
 41991 | Shoals:3 | Identified the +9 spear of Earthquakes {venom, Int+4 Dex+4}
 42036 | Shoals:3 | Found a runed translucent door.
 42381 | Shoals:3 | Found a transporter.
 43145 | Shoals:4 | Entered Level 4 of the Shoals
 43427 | Shoals:4 | Reached XP level 20. HP: 130/162 MP: 25/35
 43584 | Shoals:4 | Found a transporter.
 43597 | Shoals:4 | Found a transporter.
 44075 | Shoals:4 | Got a barnacled rune of Zot
 44257 | Shoals:4 | Noticed Ilsuiw
 44600 | Shoals:4 | Found a transporter.
 44602 | Shoals:4 | Found a transporter.
 44659 | Shoals:4 | Found a transporter.
 44662 | Shoals:4 | Found a transporter.
 44897 | Shoals:4 | Killed Ilsuiw
 45961 | D:15     | Reached XP level 21. HP: 92/169 MP: 32/36
 46544 | Orc:2    | Paralysed by an orc sorcerer for 3 turns
 47106 | Orc:2    | Found Tanets's Antique Armour Shoppe.
 47107 | Orc:2    | Found Ujy Zucsi's Antique Weapon Shoppe.
 47109 | Orc:2    | Found Migagoor's General Store.
 47109 | Orc:2    | Found Cojerhen's Jewellery Emporium.
 47116 | Orc:2    | Bought an iridescent falchion for 208 gold pieces
 47116 | Orc:2    | Identified the +3 falchion of the Hall of Blades {heavy,
                  | rN+ Str+3 Int+3} (You bought it in a shop on level 2 of the
                  | Orcish Mines)
 47130 | Orc:2    | Bought a scroll of fog for 56 gold pieces
 47130 | Orc:2    | Bought a potion of heal wounds for 70 gold pieces
 47131 | Orc:2    | Bought the ring of the Slug {rPois rF+ rC- Str+4 SInv} for
                  | 594 gold pieces
 47230 | Orc:2    | Killed soul19's ghost
 47392 | Elf:1    | Entered Level 1 of the Elven Halls
 48243 | Elf:1    | Found a radiant altar of Vehumet.
 48517 | Elf:1    | Reached skill level 15 in Ice Magic
 49263 | Elf:1    | Learned a level 7 spell: Monstrous Menagerie
 49616 | Elf:2    | Noticed Jorgrun
 50253 | Elf:2    | Reached skill level 10 in Stealth
 50274 | Elf:2    | Killed Jorgrun
 50435 | Elf:2    | Reached XP level 22. HP: 177/177 MP: 22/38
 50661 | Elf:2    | Reached skill level 16 in Fighting
 51249 | Elf:3    | Entered Level 3 of the Elven Halls
 51753 | Depths:1 | Found a gateway to Hell.
 51824 | Depths:1 | Noticed a juggernaut
 51840 | Depths:1 | Found the +6 shillelagh "Devastator" {shatter}
 51972 | Vaults:1 | Entered Level 1 of the Vaults
 51989 | Vaults:1 | Learned a level 2 spell: Ensorcelled Hibernation
 52903 | Vaults:1 | Reached skill level 10 in Summonings
 53094 | Vaults:1 | Found Niarot's Antique Weapon Emporium.
 53175 | Vaults:1 | Bought a shimmering scimitar for 243 gold pieces
 53175 | Vaults:1 | Identified the +8 scimitar "Widowermaker" {freeze, rF+
                  | Dex+2} (You bought it in a shop on level 1 of the Vaults)
 54906 | Vaults:2 | Found Aruyhuyl's Weapon Shoppe.
 54934 | Vaults:2 | Found Gevvot's General Store.
 56091 | Vaults:2 | Reached XP level 23. HP: 182/186 MP: 30/39
 56299 | Vaults:2 | Found Ehowul's Assorted Antiques.
 56343 | Vaults:2 | Bought a scroll of teleportation for 114 gold pieces
 58748 | Depths:2 | Reached skill level 10 in Dodging
 58912 | Depths:2 | Found a one-way gate leading to the halls of Pandemonium.
 58913 | Depths:2 | Identified the ring of Yrokha {Ice rElec Int+3 Dex+2}
 58913 | Depths:2 | Noticed Josephina
 58995 | Depths:2 | Hit by a large rock thrown by a stone giant

Illustrated notes

Levels and vault maps discovered:
D:1:      lightli_arrival_windingriver, layout_basic,
          shapermc_ecumenical_altar_notcrosses
D:2:      layout_basic, serial_shops, nicolae_shop_hallway_plus
D:3:      layout_rooms, eino_tiny_chamber
D:4:      layout_loops_ring, nicolae_overflow_hidden_temple, uniq_menkaure,
          uniq_blork_the_orc, uniq_sigmund
D:5:      layout_basic, kennysheep_generic_room_11
D:6:      layout_loops_cross, minmay_temple_entry_from_below_a
D:7:      layout_loops_cross, nicolae_elevator_lobby_plus, uniq_duvessa,
          uniq_pikel, uniq_crazy_yiuf_cottage
D:8:      layout_cave_pools
D:9:      layout_loops_ring, hiddenorc1_lemuel, minmay_hedge_maze, uniq_grum
D:10:     layout_cross, serial_shops, shop, minmay_holes,
          kennysheep_opposing_triangles, uniq_joseph
D:11:     layout_irregular_city, dpeg_lair_monsters, serial_undead,
          serial_undead_d, serial_undead_f, serial_undead_e, serial_undead_d,
          serial_undead_d, serial_undead_c, serial_undead_f, serial_undead_f,
          kennysheep_generic_room_14
D:12:     layout_loops_corners, serial_shops, shop, uniq_nergalle, uniq_snorg
D:13:     layout_stronghold, hangedman_vaults_entry_quadrant_bands,
          grunt_qazlal_sundering
D:14:     layout_loops_ring, nicolae_uskayaw_dance_hall
D:15:     hangedman_depths_entry_try_elsewhere_first, layout_layer_cave,
          nicolae_figureground_pulse, wad_floor_pattern_1
Temple:   hellmonk_temple_divided_pantheon
Lair:1:   layout_big_grid, pond, grunt_megastairs_4, uniq_sonja, uniq_urug,
          uniq_fannar
Lair:2:   layout_big_grid, guppyfry_snake_entry_island, minmay_shattered_shrine
Lair:3:   layout_small_grid, elwin_shoals_entry_rooms, uniq_kirke
Lair:4:   layout_regular_city, slime_entry_2, chequers_serial_rivers_micro_d,
          minmay_lair_oklob_bushes, ldierk_geyser, minmay_lindwurm_lava
Lair:5:   due_jungle_book, layout_loops_ring, serial_bayou_shore_b,
          grunt_megastairs_1, serial_bayou_shore_a
Shoals:1: layout_shoals
Shoals:2: layout_shoals, nicolae_shoals_flooded_hall
Shoals:3: gammafunk_sealed_arena, layout_shoals, lightli_airlock
Shoals:4: shoals_end_grunt_garden, layout_shoals, shoals_ilsuiw_ice,
          serial_nicolae_subway, nicolae_sub_station_metal,
          nicolae_sub_station_crystal, nicolae_sub_station_stone
Snake:1:  layout_onion, nicolae_triple_integral
Snake:2:  layout_misc_corridors, basic_altar, uniq_louise, uniq_mlioglotl
Snake:3:  nicolae_snake_shooting_gallery, layout_chambers,
          gammafunk_ghost_grave, serial_bayou_shore_b
Snake:4:  minmay_snake_end_coiled, layout_misc_corridors
Orc:1:    layout_caves, trog_butcher_becter
Orc:2:    st_orc_congregation, layout_diamond_mine, ebering_ghost_gozag
Elf:1:    nicolae_elf_arrival_no_cutting_in_line, layout_loops_cross,
          basic_altar, minivault_28
Elf:2:    nicolae_elf_blades_crystal_corner, layout_gridlike, special_room
          [special_room_orc], uniq_jorgrun
Elf:3:    minmay_elf_hall_curves, layout_loops_cross, special_room
          [special_room_orc], uniq_asterion
Vaults:1: nicolae_vaults_little_ls, v_misc_32, v_misc_1, grunt_vaults_bifocal,
          serial_ice_g, v_pattern_2, v_misc_15, layout_vaults_omnigrid,
          serial_shops, shop
Vaults:2: minmay_crypt_entry_simple_corners, hangedman_vaults_cutoff,
          vaults_room_door_ring, v_rooms_6, v_pattern_5,
          hangedman_vaults_capsules, ontoclasm_vaults_chip,
          hangedman_vaults_variations, hangedman_vaults_stretched_pinwheel,
          layout_vaults_ring, serial_shops, nicolae_diamond_shop,
          nicolae_shop_stone, shop, nicolae_shop_temple_entry_statues_fountains,
          nicolae_shop_bloodbath_and_beyond
Depths:1: minmay_roctagon, layout_basic, hell_entry, minmay_misc_feat_tiny,
          lemuel_flamethrower_3
Depths:2: nicolae_cairo_tiling_large_dashed, layout_basic,
          roderic_cross_of_infinity, hell_entry, pan_entry, uniq_josephina

Skill      XL: |  1  2  3  4  5  6  7  8  9 10 11 12 13 14 15 16 17 18 19 20 21 22 23 |
---------------+----------------------------------------------------------------------+-----
Fighting       | 1 2 3 4 5 6 7 8 9 10 11 12 13 14 15 16 | 16.8
Spellcasting   | 3 4 5 6 7 8 9 10 11 12 | 12.0
Ice Magic      | 5 6 7 8 9 10 11 12 13 14 15 | 15.2
Air Magic      | 1 2 3 4 6 7 8 |  8.4
Conjurations   | 2 3 5 7 8 |  8.1
Invocations    | 3 5 7 8 9 10 11 12 | 12.7
Shields        | 1 4 5 7 8 9 10 | 10.0
Summonings     | 3 5 7 8 9 11 | 11.8
Dodging        | 5 7 9 10 | 10.0
Hexes          | 3 4 6 |  6.5
Long Blades    | 3 6 7 8 9 |  9.8
Poison Magic   | 3 6 |  6.3
Short Blades   | 2 5 |  5.0
Transmutations | 2 4 |  4.0
Fire Magic     | 2 4 |  4.0
Stealth        | 4 6 8 9 10 11 12 | 12.5

Action                     |  1- 3 |  4- 6 |  7- 9 | 10-12 | 13-15 | 16-18 | 19-21 | 22-24 || total
---------------------------+-------+-------+-------+-------+-------+-------+-------+-------++-------
  Melee: Unarmed           |     7 |       |       |       |       |       |       |       ||     7
         Rapier            |    28 |    52 |    20 |       |       |       |       |       ||   100
         Dagger            |     2 |       |   179 |   374 |   660 |       |       |       ||  1215
         Punch             |       |       |     1 |     1 |       |       |       |       ||     2
         Quick blade       |       |       |       |       |   187 |   915 |   712 |   782 ||  2596
         Scimitar          |       |       |       |       |       |       |       |     6 ||     6
   Cast: Freeze            |    40 |    11 |     2 |     3 |     2 |     2 |       |       ||    60
         Ozocubu's Armour  |     2 |     4 |    28 |    60 |    96 |   115 |    95 |    62 ||   462
         Frozen Ramparts   |       |     4 |    24 |    58 |    79 |    87 |    27 |    33 ||   312
         Shock             |       |       |    15 |     7 |     3 |       |     3 |       ||    28
         Hailstorm         |       |       |     2 |    43 |    19 |    12 |     7 |       ||    83
         Swiftness         |       |       |       |    10 |     7 |     9 |     3 |     3 ||    32
         Summon Ice Beast  |       |       |       |    19 |    46 |    51 |    46 |    18 ||   180
         Summon Mana Viper |       |       |       |       |     3 |    24 |    17 |    12 ||    56
         Olgreb's Toxic Ra |       |       |       |       |     1 |     7 |    21 |    13 ||    42
         Ignite Poison     |       |       |       |       |     1 |     6 |    15 |    11 ||    33
         Freezing Cloud    |       |       |       |       |       |    49 |   112 |    56 ||   217
 Invoke: Recite            |       |       |     4 |    35 |    21 |    38 |    33 |    23 ||   154
         Vitalisation      |       |       |       |       |     4 |     3 |     3 |     4 ||    14
         Imprison          |       |       |       |       |       |       |       |     1 ||     1
         Sanctuary         |       |       |       |       |       |       |       |     1 ||     1
  Evoke: Wand              |       |       |     1 |     2 |       |       |       |       ||     3
    Use: Scroll            |       |     4 |     3 |     9 |    17 |     9 |     2 |     8 ||    52
         Potion            |       |     1 |     3 |     2 |     1 |     1 |     4 |     2 ||    14
   Stab: Sleeping          |     9 |     2 |     1 |       |     1 |    11 |    12 |    21 ||    57
         Invisible         |       |       |       |     6 |     4 |     1 |       |     2 ||    13
         Paralysed         |       |       |       |     6 |     6 |     1 |       |       ||    13
         Confused          |       |       |       |     5 |     3 |    11 |    12 |    10 ||    41
         Distracted        |       |       |       |     2 |     3 |     6 |     4 |       ||    15
 Armour: Robe              |    19 |    16 |    48 |   165 |   324 |   233 |   138 |   172 ||  1115
  Dodge: Dodged            |    47 |    51 |   134 |   395 |   752 |   544 |   362 |   281 ||  2566
  Block: Buckler           |       |       |       |   138 |   370 |       |       |       ||   508
         Kite shield       |       |       |       |       |   110 |   649 |   583 |   515 ||  1857
         Reflection        |       |       |       |       |       |    36 |    54 |    38 ||   128

Table legend: (Time is in decaauts)
 A = Elapsed time spent in this place.
 B = Non-inter-level travel time spent in this place.
 C = Inter-level travel time spent in this place.
 D = Time resting spent in this place.
 E = Time spent auto-exploring this place.
 F = Levels seen in this place.
 G = Mean time per level.
                   A        B        C        D        E       F      G
               +--------+--------+--------+--------+--------+-----+--------+
         Total |  58183 |  54124 |   4059 |  12043 |  29334 |  38 | 1531.1 |
       Dungeon |  22732 |  20274 |   2458 |   3915 |  12242 |  15 | 1515.5 |
        Temple |     61 |     44 |     17 |      0 |      0 |   1 |   61.0 |
          Lair |   6879 |   6486 |    393 |    652 |   4305 |   5 | 1375.8 |
        Shoals |   6199 |   5995 |    204 |   1179 |   3187 |   4 | 1549.8 |
     Snake Pit |   8314 |   7928 |    386 |   2314 |   3742 |   4 | 2078.5 |
  Orcish Mines |   3492 |   3387 |    105 |   1399 |   1123 |   2 | 1746.0 |
   Elven Halls |   3499 |   3295 |    204 |    767 |   1664 |   3 | 1166.3 |
        Vaults |   5109 |   4891 |    218 |   1209 |   2487 |   2 | 2554.5 |
        Depths |   1894 |   1823 |     71 |    607 |    584 |   2 |  947.0 |
               +--------+--------+--------+--------+--------+-----+--------+

Top non-repeatable levels by time:
    D:15: 3038 daAuts
Vaults:1: 2832 daAuts
 Snake:3: 2603 daAuts
   Orc:2: 2502 daAuts
 Snake:4: 2461 daAuts
Vaults:2: 2276 daAuts
   Elf:1: 2162 daAuts
    D:11: 2066 daAuts
     D:7: 2047 daAuts
    D:13: 1918 daAuts
  Lair:4: 1832 daAuts
    D:10: 1825 daAuts
Shoals:3: 1799 daAuts
 Snake:1: 1799 daAuts
     D:9: 1744 daAuts
